 Dungeon Crawl Stone Soup version 0.24-a0-334-g5a7c772 (webtiles) character file.

Game seed: 1932004139074383587

166 Darkshadow the Cudgeler (level 5, 0/47 HPs)
             Began as a Minotaur Berserker on May 17, 2019.
             Was a Believer of Trog.
             Succumbed to Sigmund's poison
             ... on level 3 of the Dungeon.
             The game lasted 00:03:48 (1285 turns).

Darkshadow the Cudgeler (Minotaur Berserker)        Turns: 1285, Time: 00:03:48

Health: 0/47       AC:  9    Str: 22    XL:     5   Next: 22%
Magic:  4/4        EV:  8    Int:  9    God:    Trog [**....]
Gold:   78         SH:  0    Dex: 10    Spells: 4/4 levels left

rFire    . . .     SeeInvis .   a - +0 mace
rCold    . . .     Gourm    .   (no shield)
rNeg     . . .     Faith    .   f - +0 chain mail
rPois    .         Spirit   .   (helmet restricted)
rElec    .         Reflect  .   (no cloak)
rCorr    .         Harm     .   (no gloves)
MR       ++...                  (no boots)
Stlth    ..........             (no amulet)
HPRegen  1.15/turn              (no ring)
MPRegen  0.09/turn              (no ring)

@: brilliant, lethally poisoned (0 -> -11), berserk cooldown, regenerating
A: retaliatory headbutt, horns 2
a: Berserk, Trog's Hand, Renounce Religion


You were on level 3 of the Dungeon.
You worshipped Trog.
Trog was pleased with you.
You were near starving.

You visited 1 branch of the dungeon, and saw 3 of its levels.

You collected 78 gold pieces.

Inventory:

Hand Weapons
 a - a +0 mace (weapon)
 b - a +0 hunting sling of freezing
Missiles
 i - 61 stones (quivered)
Armour
 f - a +0 chain mail (worn)
 h - a +0 animal skin
Scrolls
 d - 4 scrolls of identify {unknown}
 e - 2 scrolls of teleportation {unknown}
 g - 2 scrolls of fog {unknown}
Potions
 j - a potion of brilliance
 k - a potion of berserk rage {unknown}
Comestibles
 c - 8 rations


   Skills:
 + Level 4.7 Fighting
 * Level 5.5 Maces & Flails
 + Level 3.9 Armour
 - Level 2.5 Dodging


You had 4 spell levels left.
You didn't know any spells.
Your spell library was empty.

Dungeon Overview and Level Annotations

Branches:
Dungeon (3/15)

Altars:
Fedhas

Annotations:
D:3 Sigmund


Innate Abilities, Weirdness & Mutations

You reflexively headbutt those who attack you in melee.
You have a pair of horns on your head.


Message History

You feel very sick.
Sigmund hits you with a +4 scythe of venom!
* * * LOW HITPOINT WARNING * * *
You are lethally poisoned!
You hit Sigmund. You headbutt Sigmund.
Sigmund is severely wounded.
You feel yourself speed up.
You feel the effects of Trog's Hand fading.
* * * LOW HITPOINT WARNING * * *
You feel very sick. Sigmund gestures at you while chanting.
The magic dart hits you but does no damage.
It was a potion of brilliance.
You feel clever all of a sudden.
* * * LOW HITPOINT WARNING * * *
You feel very sick. Sigmund barely misses you.
You completely miss Sigmund.
Sigmund is severely wounded.
You die...

#.# ###.#
..#.#
#.#.#
#.#.####
#.#....#
#g#..#.#
#@####.##
#.@.....#
#########


You could see Sigmund and a hobgoblin.

Vanquished Creatures
  An orc priest (D:3)
  An orc wizard (D:3)
  6 adders
  A worm (D:1)
  3 leopard geckos
  3 orcs (D:3)
  A bat (D:2)
  4 giant cockroaches
  6 goblins
  3 hobgoblins
  8 jackals
  2 quokkas (D:2)
  A ball python (D:1)
  5 frilled lizards
  A kobold (D:2)
  2 rats
48 creatures vanquished.

Notes
Turn   | Place    | Note
-------+----------+-------------------------------------------
     0 | D:1      | Darkshadow the Minotaur Berserker began the quest for the
                  | Orb.
     0 | D:1      | Reached XP level 1. HP: 19/19 MP: 0/0
   150 | D:1      | Reached XP level 2. HP: 21/27 MP: 1/1
   332 | D:2      | Reached skill level 4 in Maces & Flails
   366 | D:1      | Reached XP level 3. HP: 8/33 MP: 2/2
   507 | D:1      | Reached ** piety under Trog
   716 | D:2      | Reached XP level 4. HP: 30/40 MP: 3/3
   879 | D:2      | Reached skill level 5 in Maces & Flails
   885 | D:2      | Found a blossoming altar of Fedhas.
  1246 | D:3      | Reached XP level 5. HP: 47/47 MP: 4/4
  1275 | D:3      | Noticed Sigmund
  1284 | D:3      | HP: 2/47 [poisoned by Sigmund]
  1285 | D:3      | Succumbed to Sigmund's poison

Levels and vault maps discovered:
D:1:      co_arrival_square_in_a_square_in_a_square, layout_rooms
D:2:      layout_rooms, marbit_many_paths, first_ration, minmay_quadrilaterals
D:3:      layout_basic, uniq_sigmund, uniq_robin

Skill      XL: |  1  2  3  4 |
---------------+-------------+-----
Maces & Flails | 4 5 |  5.5
Fighting       | 4 |  4.7
Armour         | 3 |  3.9
Dodging        | |  2.5

Action                   |  1- 3 |  4- 6 || total
-------------------------+-------+-------++-------
Melee: Mace              |    63 |    40 ||   103
       Headbutt          |     9 |     9 ||    18
 Fire: Hunting sling     |       |     4 ||     4
Invok: Berserk           |     2 |     2 ||     4
       Trog's Hand       |       |     2 ||     2
  Use: Potion            |       |     1 ||     1
  Eat: Chunk             |     1 |     3 ||     4
Armor: Chain mail        |    59 |    16 ||    75
       Animal skin       |     1 |       ||     1
Dodge: Dodged            |    37 |    16 ||    53

Table legend:
 A = Non-vault XP
 B = Vault XP
 C = Vault XP percentage of total XP
 D = Non-vault monster count
 E = Vault monster count
 F = Vault count percentage of total count
                 A         B        C        D         E       F
            +---------+---------+-------+---------+---------+-------
      Total |     205 |      33 |  13.9 |      42 |       6 |  12.5
            +---------+---------+-------+---------+---------+-------
        D:1 |      46 |       0 |   0.0 |      18 |       0 |   0.0
        D:2 |      67 |      33 |  33.0 |      19 |       6 |  24.0
        D:3 |      92 |       0 |   0.0 |       5 |       0 |   0.0
            +---------+---------+-------+---------+---------+-------
